AoeStats
← Ypsilon

Lombardia

508939780Analyzed
4v4 RM · 8d ago on Sep 24, 2026· 58m 39s· 8 players
Game mode
Random Map
Map size
Large (8 player)
Population
200
Speed
Normal
Resources
Standard
Victory
Conquest
Starting age
Dark Age
Ending age
Imperial Age
RankedLock teamsTeams togetherTeam positionsShared explorationLock speedFull tech treeHidden civsTurbo modeCheats
Victory
Defeat
🇬🇧 Franks · United Kingdom
1313
+13
🇲🇽 Mongols · Mexico
1312
+13
🇧🇷 Persians · Brazil
1244
+16
🇨🇦 Huns · Canada
1226
+16
🇨🇿 Armenians · Czechia
1254
-15
🇫🇷 Persians · France
1253
-15
🇩🇪 Vikings · Germany
1252
-15
🇮🇪 Mongols · Ireland
1193
-13
jack_the_snowman
10:56 Feudal Age
9:15 Loom
11:01 Feudal Age
15:13 Castle Age
13:37 Horse Collar
13:45 Double-Bit Axe
24:17 Wheelbarrow
23:58 Bow Saw
25:44 Stone Mining
25:54 Gold Mining
28:38 Heavy Plow
29:00 Hand Cart
28:33 Town Watch
29:52 Gold Shaft Mining
32:12 Imperial Age
30:07 Bloodlines
29:58 Husbandry
30:09 Scale Barding Armor
31:19 Chain Barding Armor
31:01 Husbandry
33:15 Conscription
33:35 Elite War Elephant
34:51 Plate Barding Armor
34:27 Forging
35:29 Kamandaran
35:22 Fletching
35:34 Crossbowman
37:12 Ballistics
37:00 Thumb Ring
37:34 Bodkin Arrow
39:54 Chemistry
39:32 Iron Casting
42:04 Blast Furnace
41:16 Padded Archer Armor
49:35 Caravan
50:28 Pikeman
Banik1922
10:13 Feudal Age
11:04 Double-Bit Axe
18:07 Castle Age
19:44 Gold Mining
21:15 Bloodlines
23:04 Husbandry
24:14 Fletching
24:41 Stone Mining
24:55 Padded Archer Armor
25:34 Bodkin Arrow
25:57 Loom
27:37 Leather Archer Armor
27:32 Forging
30:12 Wheelbarrow
33:45 Imperial Age
33:28 Hand Cart
34:38 Bracer
35:42 Chemistry
35:25 Elite Mangudai
42:12 Caravan
43:16 Ballistics
namrskal
3:11 Loom
3:15 Loom
12:58 Feudal Age
18:34 Castle Age
17:39 Man-at-Arms
18:39 Double-Bit Axe
18:47 Gold Mining
18:58 Fletching
27:07 Bow Saw
28:31 Wheelbarrow
29:28 Fervor
29:39 Sanctity
29:21 Scale Mail Armor
29:31 Forging
29:22 Horse Collar
30:27 Gold Shaft Mining
29:34 Elite Skirmisher
31:11 Bodkin Arrow
33:09 Padded Archer Armor
34:06 Stone Mining
37:47 Imperial Age
36:13 Caravan
36:14 Town Watch
37:23 Hand Cart
39:05 Pikeman
39:31 Gambesons
39:06 Long Swordsman
41:04 Chain Mail Armor
40:21 Two-Handed Swordsman
41:02 Squires
41:40 Iron Casting
41:06 Bracer
40:54 Halberdier
44:28 Fereters
44:46 Conscription
45:08 Fortified Wall
45:19 Ballistics
45:09 Masonry
46:01 Chemistry
45:59 Plate Mail Armor
46:59 Heavy Plow
46:38 Champion
47:36 Leather Archer Armor
47:42 Arson
50:13 Blast Furnace
49:39 Guilds
51:06 Block Printing
58:15 Capped Ram
Elron69
7:56 Loom
10:24 Feudal Age
12:04 Loom
15:40 Castle Age
14:08 Double-Bit Axe
14:27 Horse Collar
19:39 Bow Saw
24:08 Heavy Plow
24:03 Town Watch
24:33 Squires
26:20 Gold Mining
27:57 Gold Shaft Mining
27:13 Stone Mining
27:38 Scale Mail Armor
31:58 Imperial Age
29:32 Chieftains
29:48 Chain Mail Armor
29:21 Arson
30:42 Forging
32:01 Elite Varangian Guard
33:13 Plate Mail Armor
33:44 Two-Man Saw
33:27 Crop Rotation
33:42 Conscription
34:08 Iron Casting
34:35 Pikeman
40:08 Blast Furnace
39:33 Town Patrol
40:24 Fletching
41:50 Ballistics
41:52 Bodkin Arrow
42:44 Caravan
43:53 Bracer
47:08 Masonry
48:00 Chemistry
46:41 Treadmill Crane
47:16 Masonry
48:07 Chemistry
49:02 Architecture
51:08 Murder Holes
51:19 Siege Engineers
56:29 Fortified Wall
Soul Ledger
11:37 Feudal Age
11:44 Loom
14:12 Double-Bit Axe
16:29 Castle Age
18:25 Wheelbarrow
19:51 Husbandry
26:13 Bow Saw
28:12 Gold Mining
31:54 Imperial Age
30:50 Gold Shaft Mining
30:22 Stone Mining
30:56 Caravan
32:00 Hand Cart
32:39 Forging
32:36 Scale Barding Armor
32:47 Chivalry
33:07 Conscription
32:11 Cavalier
33:20 Paladin
35:02 Iron Casting
34:48 Chain Barding Armor
41:33 Plate Barding Armor
41:59 Blast Furnace
Big Testicles
4:13 Loom
11:01 Feudal Age
11:43 Double-Bit Axe
11:40 Horse Collar
14:19 Fletching
17:03 Wheelbarrow
20:34 Castle Age
20:24 Bloodlines
20:27 Padded Archer Armor
20:33 Gold Mining
22:27 Bodkin Arrow
22:38 Husbandry
23:12 Thumb Ring
23:56 Bow Saw
24:25 Heavy Plow
28:56 Hand Cart
33:06 Imperial Age
31:36 Gold Shaft Mining
31:43 Ballistics
33:02 Stone Mining
33:41 Leather Archer Armor
33:47 Bracer
33:12 Heavy Cavalry Archer
35:18 Parthian Tactics
35:57 Town Watch
37:18 Chemistry
36:34 Caravan
37:43 Scale Barding Armor
37:45 Light Cavalry
38:48 Chain Barding Armor
40:24 Pikeman
42:04 Halberdier
42:49 Scale Mail Armor
42:18 Halberdier
42:59 Squires
47:34 Masonry
48:02 Conscription
49:04 Murder Holes
52:05 Chain Mail Armor
52:00 Forging
51:22 Hussar
56:02 Plate Barding Armor
56:02 Iron Casting
Ypsilon
8:07 Loom
12:35 Feudal Age
16:17 Castle Age
14:46 Double-Bit Axe
17:00 Bow Saw
20:48 Horse Collar
22:48 Husbandry
23:50 Wheelbarrow
24:18 Heavy Plow
25:24 Stone Mining
26:26 Gold Mining
28:30 Hand Cart
29:28 Bloodlines
30:08 Stone Shaft Mining
30:09 Gold Shaft Mining
32:11 Imperial Age
31:36 Scale Barding Armor
31:41 Forging
33:06 Crop Rotation
32:19 Elite War Elephant
34:16 Two-Man Saw
33:12 Sappers
34:03 Conscription
35:34 Chain Barding Armor
35:50 Iron Casting
35:33 Herbal Medicine
38:05 Plate Barding Armor
39:30 Light Cavalry
40:33 Hussar
41:48 Caravan
44:15 Blast Furnace
44:54 Citadels
44:36 Fletching
49:23 Bodkin Arrow
54:55 Guilds
56:20 Padded Archer Armor
david.indie108
9:28 Feudal Age
12:13 Double-Bit Axe
12:08 Horse Collar
12:20 Loom
15:28 Scale Barding Armor
15:34 Forging
20:30 Castle Age
18:31 Gold Mining
18:57 Padded Archer Armor
19:01 Fletching
20:10 Bloodlines
21:52 Gold Shaft Mining
21:34 Heavy Plow
22:43 Wheelbarrow
23:15 Bow Saw
24:15 Bodkin Arrow
24:36 Leather Archer Armor
24:28 Husbandry
28:17 Chain Barding Armor
28:57 Ballistics
31:50 Hand Cart
34:21 Imperial Age
35:11 Thumb Ring
35:39 Parthian Tactics
35:15 Bracer
36:17 Chemistry
35:19 Heavy Cavalry Archer
37:02 Siege Engineers
37:07 Masonry
41:41 Iron Casting
41:06 Scale Mail Armor
40:27 Pikeman
41:07 Squires
40:52 Arson
41:26 Stone Mining
41:41 Capped Ram
43:25 Blast Furnace
43:32 Stone Shaft Mining
43:37 Chain Mail Armor
42:53 Siege Ram
45:48 Drill
45:49 Conscription
46:07 Plate Mail Armor
51:50 Caravan
51:24 Light Cavalry
52:49 Hussar
Connection lost

Rejoining the realm…

Still unreachable

The connection could not be restored.

Session expired

The server has moved on; the page needs a fresh start.